Map: King's Cove LE

Players

Mez - Winner!

  • Race: Terran Terran
  • League: Master
  • Spawn Location: 5:00

esow

  • Race: Terran Terran
  • League: Master
  • Spawn Location: 11:00

VOD

Have the link to the VOD?

Description

Time

  • Played on: Aug. 10, 2019, 8:46 a.m.
  • Length: 12:56
Show
View Real Time Build Order
Export as new Build Order

Mez Terran - Winner!

Build Orders: Cyclone Opening 

Get SALT Encoding   

  12  0:01  SCV  
  13  0:13  SCV  
  14  0:18  Supply Depot  
  14  0:25  SCV  
  15  0:39  SCV  
  15  0:40  Barracks  
  16  0:45  Refinery  
  16  0:54  Refinery  
  16  0:56  SCV  
  17  1:08  SCV  
  18  1:28  Reaper, Orbital Command  
  19  1:34  Supply Depot  
  19  1:45  Factory  
  19  1:55  SCV  
  19  2:00  Barracks Reactor  
  20  2:10  SCV  
  21  2:26  Command Center  
  21  2:31  Factory Tech Lab  
  21  2:38  Marine x2  
  21  2:39  SCV  
  24  2:51  Cyclone  
  24  2:54  SCV  
  24  2:58  Supply Depot  
  28  3:03  Marine  
  28  3:04  Marine  
  30  3:09  SCV  
  31  3:17  Starport  
  31  3:21  SCV  
  32  3:33  SCV  
  34  3:36  Siege Tank  
  36  3:44  Orbital Command  
  36  3:45  SCV  
  37  3:55  Starport Tech Lab  
  37  3:57  SCV  
  37  3:59  Marine x2  
  40  4:09  SCV  
  41  4:13  Siege Tank  
  41  4:14  SCV  
  44  4:17  Marine x2  
  44  4:22  SCV  
  47  4:25  Raven, Supply Depot  
  47  4:29  Refinery, SCV  
  50  4:34  SCV  
  50  4:35  Marine  
  50  4:38  Marine  
  53  4:41  SCV  
  54  4:46  SCV  
  54  4:47  Supply Depot  
  54  4:52  Siege Tank  
  58  4:53  SCV  
  58  4:58  SCV  
  58  4:59  Marine x2  
  62  5:08  SCV  
  62  5:10  Raven, SCV, Supply Depot  
  66  5:20  SCV  
  67  5:23  SCV  
  67  5:26  Command Center  
  68  5:32  Siege Tank, Marine x2  
  68  5:33  SCV  
  68  5:35  SCV  
  75  5:36  Supply Depot  
  75  5:40  Supply Depot  
  70  5:50  Marine x2  
  68  6:13  Viking  
  68  6:16  Marine x2  
  72  6:18  Cyclone  
  75  6:39  Orbital Command  
  75  6:44  Barracks  
  75  6:45  Barracks  
  75  6:52  SCV x2  
  75  7:00  Marine  
  76  7:02  Stimpack, Orbital Command  
  76  7:04  SCV x2  
  76  7:08  Viking x2  
  82  7:16  SCV  
  82  7:17  SCV, Marine  
  82  7:19  Siege Tank  
  88  7:25  Refinery  
  84  7:39  Viking x2  
  88  7:46  SCV x2  
  88  7:47  SCV  
  88  7:50  Barracks Reactor  
  88  7:51  Barracks Reactor  
  91  7:54  Siege Tank  
  91  7:55  Engineering Bay  
  91  7:56  Engineering Bay  
  91  7:58  SCV  
  95  8:01  SCV x2  
  95  8:02  Marine  
  98  8:10  SCV  
  99  8:13  SCV x2  
  99  8:19  Marine  
  101  8:22  SCV  
  101  8:23  Barracks  
  101  8:24  Barracks  
  101  8:25  Terran Infantry Armor Level 1, SCV x2, Terran Infantry Weapons Level 1  
  105  8:34  SCV  
  105  8:36  Missile Turret  
  105  8:37  SCV x2, Marine  
  105  8:40  Missile Turret  
  109  8:41  Missile Turret  
  109  8:47  Supply Depot  
  109  8:51  SCV  
  109  8:56  Supply Depot  
  109  8:57  Supply Depot  
  109  9:00  Supply Depot  
  109  9:02  Refinery  
  109  9:03  Refinery  
  109  9:08  Marine x3  
  109  9:09  SCV, Medivac x2  
  117  9:14  Supply Depot  
  117  9:17  Marine x2  
  117  9:18  Siege Tank, SCV x2  
  117  9:21  SCV  
  117  9:23  Marine x2  
  122  9:26  Marine x3  
  119  9:35  Marine x2  
  110  9:48  Marine x4  
  113  9:53  Marine x2  
  113  9:54  Siege Tank  
  113  9:56  Combat Shield  
  115  10:01  Barracks Reactor  
  115  10:03  Armory  
  115  10:05  SCV x2, Marine  
  115  10:06  Marine x2  
  119  10:11  Marine  
  102  10:28  Marine  
  102  10:29  Marine x4  
  102  10:30  Barracks Reactor  
  102  10:31  SCV x3  
  107  10:39  Marine x2  
  107  10:41  Siege Tank  
  107  10:42  Medivac x2  
  111  10:43  SCV  
  111  10:46  Marine x3  
  109  10:52  Marine x2  
  109  10:57  Marine x2  
  110  11:03  SCV x2  
  110  11:04  SCV, Marine x3  
  115  11:10  Marine x2  
  117  11:13  Siege Tank  
  117  11:14  Marine  
  121  11:20  Marine x3  
  121  11:21  SCV x3  
  121  11:22  Marine x2  
  121  11:25  Factory, Medivac  
  131  11:26  Medivac  
  126  11:33  SCV  
  127  11:40  Marine x9  
  136  11:55  Medivac  
  136  11:56  Siege Tank  
  136  11:59  Command Center  
  136  12:00  Missile Turret  
  141  12:03  Missile Turret  
  141  12:09  Supply Depot  
  141  12:10  Supply Depot x2  
  141  12:16  Factory Tech Lab  
  141  12:23  Marine x5  
  141  12:24  Marine  
  141  12:26  Marine x2  
  149  12:30  Marine  
Show
View Real Time Build Order
Export as new Build Order

esow Terran 

Build Orders: Liberator Opening 

Get SALT Encoding   

  12  0:00  SCV  
  13  0:12  SCV  
  14  0:18  Supply Depot  
  14  0:24  SCV  
  15  0:28  Refinery  
  15  0:39  SCV  
  16  0:46  Barracks  
  16  0:53  SCV  
  17  1:05  SCV  
  18  1:17  SCV  
  20  1:34  Reaper  
  20  1:35  Orbital Command  
  20  1:59  Command Center  
  20  2:01  SCV  
  20  2:06  Reaper  
  20  2:08  Supply Depot  
  21  2:13  SCV  
  22  2:17  Factory  
  22  2:26  SCV  
  23  2:31  Refinery  
  23  2:38  Reaper, SCV  
  25  2:50  SCV  
  26  3:02  Hellion  
  29  3:05  SCV  
  29  3:08  Supply Depot  
  29  3:12  Orbital Command  
  29  3:20  Reaper  
  29  3:22  SCV  
  29  3:24  Factory Tech Lab  
  31  3:30  Orbital Command  
  31  3:34  SCV  
  32  3:36  Starport  
  32  3:43  Cyclone  
  32  3:46  SCV  
  36  3:57  Liberator  
  36  3:58  SCV, Supply Depot  
  36  4:01  Barracks Reactor  
  35  4:10  SCV  
  39  4:18  SCV  
  39  4:22  SCV  
  41  4:31  SCV  
  42  4:34  Siege Tank, SCV  
  42  4:38  Refinery  
  46  4:41  Marine  
  46  4:42  Marine  
  46  4:43  SCV  
  49  4:46  SCV  
  50  4:55  SCV  
  50  4:58  SCV  
  52  5:02  Marine x2  
  52  5:06  Siege Tank  
  57  5:07  SCV  
  57  5:09  Bunker  
  58  5:15  SCV  
  58  5:16  Viking  
  58  5:19  SCV  
  62  5:23  Supply Depot  
  62  5:44  SCV  
  62  5:45  SCV, Marine x2, Barracks  
  62  5:46  Barracks  
  65  5:56  Siege Tank  
  66  6:02  Viking, Marine x2  
  68  6:27  SCV x2  
  59  6:36  Viking, Siege Tank  
  59  6:39  SCV, Barracks Tech Lab  
  62  6:40  Barracks Reactor  
  62  6:44  Supply Depot  
  62  6:46  Supply Depot  
  62  6:47  SCV  
  62  6:48  Marine x2  
  62  6:50  Supply Depot  
  62  6:52  SCV, Command Center  
  66  6:59  Stimpack, SCV, Marine  
  68  7:04  SCV  
  68  7:06  Marine x2, Supply Depot  
  71  7:12  SCV  
  71  7:13  Viking  
  71  7:14  Siege Tank  
  77  7:16  SCV  
  77  7:17  Marine  
  77  7:21  Marine x2  
  81  7:23  Marine x2  
  81  7:24  SCV  
  84  7:35  Marine  
  85  7:39  Marine x2  
  85  7:40  Engineering Bay  
  85  7:41  Marine x2  
  85  7:42  Engineering Bay  
  89  7:46  Siege Tank  
  89  7:47  Starport Reactor  
  92  7:53  SCV x2, Marine  
  92  7:56  Supply Depot  
  92  7:57  Marine x2  
  92  7:58  Supply Depot  
  97  8:05  SCV x2  
  99  8:09  Marine x2  
  99  8:10  Terran Infantry Weapons Level 1  
  99  8:11  Terran Infantry Armor Level 1, Marine  
  102  8:15  Marine  
  103  8:22  Siege Tank  
  103  8:24  Supply Depot x2  
  106  8:33  Sensor Tower  
  106  8:35  Medivac x2  
  106  8:39  Armory  
  110  8:48  SCV  
  110  8:49  SCV  
  110  8:56  Siege Tank, Marine  
  110  8:57  Marine x3  
  110  9:00  Marine  
  110  9:01  SCV  
  119  9:07  Medivac  
  121  9:10  Orbital Command  
  121  9:11  SCV  
  121  9:14  Marine  
  119  9:36  Marine x2  
  115  9:43  Marine x3  
  115  9:45  Siege Tank  
  113  9:46  Viking x2  
  117  9:54  Marine x2  
  117  9:58  SCV  
  117  9:59  SCV  
  120  10:00  Refinery  
  120  10:01  Refinery, Marine x3  
  120  10:05  Barracks x2  
  120  10:06  Missile Turret x2, Barracks  
  121  10:07  Missile Turret x2  
  121  10:09  Missile Turret  
  121  10:12  Marine x2  
  122  10:19  Marine x3  
  78  10:30  Marine x2  
  76  10:35  Orbital Command  
  76  10:36  Marine  
  76  10:37  Marine x2  
  79  10:47  Marine x2  
  74  10:50  SCV x2  
  74  10:51  Orbital Command  
  74  10:54  Marine x3  
  74  10:55  Barracks Reactor x2  
  74  10:56  Barracks Reactor  
  76  11:02  SCV x2  
  76  11:05  Marine x2  
  72  11:12  Marine x3  
  72  11:14  SCV x2  
  73  11:20  SCV  
  73  11:23  Marine  
  73  11:27  SCV x2  
  73  11:30  Siege Tank, Marine x2  
  73  11:31  Marine x2  
  73  11:32  SCV  
  78  11:38  Marine  
  78  11:39  SCV x2  
  81  11:41  Sensor Tower, Marine  
  81  11:44  SCV  
  83  11:47  Marine x5  
  83  11:48  Marine  
  83  11:51  SCV x2  
  91  12:01  Marine x2  
  91  12:02  Siege Tank  
  91  12:04  SCV x2  
  98  12:15  Medivac  
  98  12:16  Marine x5, Medivac  
  98  12:17  Marine x4  
Tags
 
Add a new tag
Caveats
  • Supply blocks, unpowered buildings, or Contaminate may cause inaccurate times.
  • Supply counts are checked every 10 seconds.